 Dungeon Crawl Stone Soup version 0.32-a0-40-g2adb59ae06 (webtiles) character file.

Game seed: 12507104818696340078

193 cforsyth the Magician (level 6, 0/46 HPs)
             Began as a Djinni Enchanter on Jan 24, 2024.
             Killed from afar by a white imp (19 damage)
             ... with a puff of frost
             ... on level 3 of the Dungeon.
             The game lasted 00:03:29 (2147 turns).

cforsyth the Magician (Djinni Enchanter)            Turns: 2147, Time: 00:03:29

Health: 0/46       AC:  2    Str:  7    XL:     6   Next: 3%
Gold:   78         EV: 12    Int: 18    God:
                   SH:  0    Dex: 14

rFire   + + .        m - +2 dagger (venom)
rCold   x . .        (no shield)
rNeg    . . .        b - +0 robe
rPois   ∞            (no helmet)
rElec   .            (no cloak)
rCorr   .            (no gloves)
SInv    .            (boots unavailable)
Will    .....        (no amulet)
Stlth   ++           (no ring)
HPRegen 0.27/turn    (no ring)
MPRegen 0.00/turn

%: infuse magic (-1 HP)
@: flying
A: sickness immunity, fire resistance 2, cold vulnerability 1, float, innate
caster, HP casting, extra vitality 1
a: no special abilities


You were on level 3 of the Dungeon.
You visited 1 branch of the dungeon, and saw 3 of its levels.

You collected 78 gold pieces.

Inventory:

Hand Weapons
 a - a +1 dagger
 e - a +1 vampiric dagger
 m - a +2 dagger of venom (weapon)
Armour
 b - a +0 robe (worn)
 k - the +4 chain mail "Zijekk" {Will+}
   (You found it on level 3 of the Dungeon)

   Will+:     It increases your willpower.
Scrolls
 d - a scroll of fog {unknown}
 h - a scroll of identify {unknown}
 i - 2 scrolls of noise {unknown}
Potions
 c - 2 potions of invisibility
 f - a potion of haste {unknown}
 g - a potion of attraction {unknown}
 j - a potion of heal wounds
 l - a potion of enlightenment {unknown}


   Skills:
 + Level 3.6 Fighting
 - Level 0.8 Short Blades
 - Level 2.1 Dodging
 - Level 2.4 Stealth
 + Level 4.1 Spellcasting
 + Level 4.1 Conjurations
 + Level 4.1 Hexes
 + Level 4.1 Summonings
 + Level 4.1 Necromancy
 + Level 4.1 Translocations
 + Level 4.1 Fire Magic
 + Level 4.1 Ice Magic
 + Level 4.1 Air Magic
 + Level 4.1 Earth Magic
 + Level 4.1 Alchemy


You knew the following spells:

 Your Spells              Type           Power      Damage    Failure   Level
a - Ensorcelled Hibernat  Hex/Ice        36%        N/A       4%          2
b - Confusing Touch       Hex            18%        N/A       9%          3
c - Tukima's Dance        Hex            18%        N/A       9%          3
d - Dazzling Flash        Conj/Hex       36%        N/A       9%          3
e - Summon Small Mammal   Summ           72%        N/A       2%          1
f - Lesser Beckoning      Tloc           36%        N/A       4%          2
Your spell library was empty.

Dungeon Overview and Level Annotations

Branches:
Dungeon (3/15)

Altars:
Zin
The Shining One

Shops:
D:2 [

Annotations:
D:3 2 transporters, SheepSpotted's ghost, amateur DrSh


Innate Abilities, Weirdness & Mutations

You are immune to sickness and miasma.
You are immune to poison.
Your flesh is very heat resistant. (rF++)
You are vulnerable to cold. (rC-)
You float through the air rather than walking.
You learn spells naturally, not from books.
Your magical power is your life essence.
You have superior vitality. (+4 MHP)


Message History

A goblin skeleton, a white imp and a hobgoblin zombie come into view.
Found a steaming helmet.
Found a glowing golden altar of the Shining One.
The white imp shouts!
A hobgoblin zombie comes into view.
The white imp moves out of view.
A goblin skeleton comes into view.
You hit the hobgoblin zombie.
The hobgoblin zombie is moderately damaged.
You hit the hobgoblin zombie.
The hobgoblin zombie is heavily damaged.
The hobgoblin zombie closely misses you.
You barely miss the hobgoblin zombie.
The hobgoblin zombie is heavily damaged.
The hobgoblin zombie hits you but does no damage.
You hit the hobgoblin zombie.
The hobgoblin zombie is severely damaged.
The hobgoblin zombie hits you.
The hobgoblin zombie completely misses you.
You barely miss the hobgoblin zombie.
The hobgoblin zombie is severely damaged.
You hit the hobgoblin zombie.
You destroy the hobgoblin zombie!
The white imp hits you. The white imp freezes you.
You feel a terrible chill!
The hobgoblin zombie closely misses you.
You barely miss the white imp. The white imp hits you.
The white imp freezes you.
You feel a terrible chill! The hobgoblin zombie hits you.
You hit the white imp but do no damage. The goblin skeleton closely misses you.
The white imp hits you. The white imp freezes you!
You feel a terrible chill! The hobgoblin zombie hits you.
You are too injured to fight recklessly!
You are too injured to fight recklessly!
You are too injured to fight recklessly!
You are too injured to fight recklessly!
You are too injured to fight recklessly!
You are too injured to fight recklessly!
The white imp gestures at you. The puff of frost hits you!!
You feel a terrible chill!
You die...

#..... +.._. ...# #
##.... ...## ..
..... ##...## #..#
#.Z# .....#
#....##Z####..#.#
#[....ZZ5...?...#
#...............#
........@.......#
##########......#
### #....†..########
...................#
#.###############..#
#.# #...## #.#
##.### . #.# ###..#
..# ##.# #...##


You could see a white imp, 2 hobgoblin zombies and 2 goblin skeletons.

Vanquished Creatures
  An ogre (D:2)
  An iguana (D:3)
  2 adders (D:2)
  2 dart slugs
  2 ribbon worms (D:2)
  2 orcs
  2 bats (D:1)
  5 endoplasms
  4 giant cockroaches
  4 hobgoblins
  2 quokkas
  3 ball pythons
  4 frilled lizards
  2 goblins
  A hobgoblin zombie (D:3)
  14 kobolds
  An orc zombie (D:3)
  6 rats
58 creatures vanquished.

Notes
Turn   | Place    | Note
-------+----------+-------------------------------------------
     0 | D:1      | cforsyth the Djinni Enchanter began the quest for the Orb.
     0 | D:1      | cforsyth set off with the following spells memorised:
                  | Ensorcelled Hibernation, Confusing Touch, Tukima's Dance,
                  | Dazzling Flash.
     0 | D:1      | Reached XP level 1. HP: 15/15 MP: 0/0
    45 | D:1      | Reached XP level 2. HP: 18/22 MP: 0/0
   181 | D:1      | Reached skill level 1 in Fighting
   654 | D:1      | Reached XP level 3. HP: 18/27 MP: 0/0
   654 | D:1      | Learned a level 1 spell: Summon Small Mammal
   917 | D:2      | Noticed an ogre
   934 | D:2      | Killed an ogre
   935 | D:2      | Reached XP level 4. HP: 9/35 MP: 0/0
   935 | D:2      | Reached XP level 5. HP: 10/40 MP: 0/0
   935 | D:2      | Learned a level 2 spell: Lesser Beckoning
  1102 | D:2      | Found a glowing silver altar of Zin.
  1237 | D:2      | Found Ozeant's Armour Emporium.
  1516 | D:3      | Found a transporter.
  1517 | D:3      | Identified the +4 chain mail "Zijekk" {Will+}
  1517 | D:3      | Noticed SheepSpotted's ghost (amateur DrSh)
  1936 | D:3      | Noticed an ice beast
  1948 | D:3      | Found a transporter.
  1954 | D:3      | Reached XP level 6. HP: 21/46 MP: 0/0
  2137 | D:3      | Found a glowing golden altar of the Shining One.
  2147 | D:3      | Killed from afar by a white imp

Illustrated notes

Levels and vault maps discovered:
D:1:      minmay_arrival_semitransparent, layout_basic
D:2:      layout_basic, basic_altar, serial_shops,
          nicolae_shop_tiny_statue_garden
D:3:      layout_rooms, nicolae_tso_besieged_by_evil, gammafunk_ghost_arena,
          serial_shops, nicolae_shop_peninsula,
          shapermc_ecumenical_altar_pompeii, kennysheep_generic_room_15

Skill      XL: |  1  2  3  4  5 |
---------------+----------------+-----
Spellcasting   | 3 4 |  4.1
Conjurations   | 3 4 |  4.1
Hexes          | 3 4 |  4.1
Summonings     | 3 4 |  4.1
Necromancy     | 3 4 |  4.1
Translocations | 3 4 |  4.1
Fire Magic     | 3 4 |  4.1
Ice Magic      | 3 4 |  4.1
Air Magic      | 3 4 |  4.1
Earth Magic    | 3 4 |  4.1
Alchemy        | 3 4 |  4.1
Fighting       | 1 3 |  3.6
Short Blades   | |  0.8
Dodging        | |  2.1
Stealth        | |  2.4

Action                     |  1- 3 |  4- 6 || total
---------------------------+-------+-------++-------
  Melee: Dagger            |    98 |   153 ||   251
         Punch             |       |     1 ||     1
   Cast: Ensorcelled Hiber |     2 |     7 ||     9
         Confusing Touch   |     1 |     2 ||     3
    Use: Potion            |     1 |       ||     1
   Stab: Sleeping          |     4 |     5 ||     9
         Confused          |     1 |     2 ||     3
         Distracted        |       |     1 ||     1
 Armour: Robe              |    39 |    92 ||   131
         Chain mail        |       |    12 ||    12
  Dodge: Dodged            |    53 |    98 ||   151

Table legend: (Time is in decaauts)
 A = Elapsed time spent in this place.
 B = Non-inter-level travel time spent in this place.
 C = Inter-level travel time spent in this place.
 D = Time resting spent in this place.
 E = Time spent auto-exploring this place.
 F = Levels seen in this place.
 G = Mean time per level.
                   A        B        C        D        E       F      G
               +--------+--------+--------+--------+--------+-----+--------+
         Total |   2137 |   2098 |     39 |    289 |   1281 |   3 |  712.3 |
       Dungeon |   2137 |   2098 |     39 |    289 |   1281 |   3 |  712.3 |
               +--------+--------+--------+--------+--------+-----+--------+

Top non-repeatable levels by time:
     D:2: 955 daAuts
     D:1: 829 daAuts
     D:3: 353 daAuts
